 Dungeon Crawl Stone Soup version 0.24.0-37-gcf1ca852f1 (webtiles) character file.

Game seed: 12324842040935914860, levelgen mode: deterministic

3426 grindst0ne the Cleaver (level 9, -4/82 HPs)
             Began as a Deep Dwarf Wanderer on Dec 1, 2019.
             Killed by divine providence
             ... invoked by an orc priest
              (5 damage)
             ... on level 7 of the Dungeon.
             The game lasted 00:12:56 (5904 turns).

grindst0ne the Cleaver (Deep Dwarf Wanderer)        Turns: 5904, Time: 00:12:56

Health: -4/82      AC: 11    Str: 17    XL:     9   Next: 76%
Magic:  6/6        EV: 14    Int: 14    God:
Gold:   654        SH:  5    Dex: 13    Spells: 8/8 levels left

rFire    . . .     SeeInvis .   w - +0 war axe
rCold    . . .     Gourm    .   i - +0 buckler
rNeg     + . .     Faith    .   b - +2 scale mail
rPois    .         Spirit   .   (no helmet)
rElec    +         Reflect  .   (no cloak)
rCorr    .         Harm     .   t - +0 pair of gloves
MR       +....                  (no boots)
Stlth    ..........             D - amulet of the Air {Inacc +Fly rElec EV+5 RMsl}
HPRegen  0.00/turn              p - +4 ring of slaying
MPRegen  0.10/turn              g - ring of positive energy

@: non-regenerating, repel missiles
A: damage resistance, heal wounds, sense surroundings 2, no regeneration
a: Heal Wounds, Evoke Flight


You were on level 7 of the Dungeon.
You were not hungry.

You visited 2 branches of the dungeon, and saw 8 of its levels.
You also visited: Ossuary.

You collected 654 gold pieces.

Inventory:

Hand Weapons
 w - a +0 war axe (weapon)
Missiles
 a - 3 throwing nets
 j - 182 stones (quivered)
 v - 6 boomerangs
 E - 88 bolts
Armour
 b - a +2 scale mail (worn)
 i - a +0 buckler (worn)
 n - a cursed +0 chain mail
 t - a +0 pair of gloves (worn)
Jewellery
 g - a ring of positive energy (right hand)
 p - a +4 ring of slaying (left hand)
 B - a +4 amulet of reflection {unknown}
 D - the amulet of the Air (around neck) {Inacc +Fly rElec EV+5 RMsl}
   (You found it on level 5 of the Dungeon)

   [amulet of inaccuracy]

   It reduces the accuracy of all your attacks.
   It affects your evasion (+5).
   It insulates you from electricity.
   It lets you fly.
   It protects you from missiles.
Scrolls
 e - 5 scrolls of remove curse
 h - 2 scrolls of amnesia
 l - 2 scrolls of teleportation
 o - a scroll of magic mapping {unknown}
 r - 2 scrolls of random uselessness {unknown}
 s - a scroll of enchant armour
 x - 2 scrolls of enchant weapon {unknown}
 y - a scroll of blinking {unknown}
 C - 3 scrolls of identify
 F - 2 scrolls of vulnerability {unknown}
Potions
 c - 2 potions of flight
 d - a potion of mutation
 k - 4 potions of curing
 m - 2 potions of heal wounds
 q - a potion of brilliance
 u - a potion of lignification {unknown}
 z - a potion of haste
 A - 2 potions of degeneration {unknown}
 G - 2 potions of ambrosia {unknown}
Comestibles
 f - 12 rations


   Skills:
 + Level 6.2 Fighting
 * Level 10.1 Axes
   Level 2.1 Crossbows
 + Level 8.4 Armour
 - Level 1.2 Stealth
 - Level 5.1 Shields


You had 8 spell levels left.
You didn't know any spells.
Your spell library contained the following spells:

 Spells                   Type           Power        Failure   Level  Hunger
 Animate Skeleton         Necr           N/A          63%         1    ##.....
 Magic Dart               Conj           #...         63%         1    ##.....
 Pain                     Necr           #...         63%         1    ##.....
 Blink                    Tloc           N/A          77%         2    ###....
 Call Imp                 Summ           #.......     77%         2    ###....
 Slow                     Hex            #.......     77%         2    ###....
 Conjure Flame            Conj/Fire      #.......     94%         3    ####...
 Mephitic Cloud           Conj/Pois/Air  #.......     94%         3    ####...
 Vampiric Draining        Necr           #.........   94%         3    ####...
 Animate Dead             Necr           N/A          100%        4    #####..
 Regeneration             Chrm/Necr      Unusable     N/A         3    N/A

Dungeon Overview and Level Annotations

Branches:
Dungeon (7/15)             Temple (1/1) D:5         Ossuary (visited)

Altars:
Ashenzari
Dithmenos
Elyvilon
Gozag
Hepliaklqana
Kikubaaqudgha
Nemelex Xobeh
Okawaru
Qazlal
Ru
Sif Muna
Trog
Uskayaw
Vehumet
Wu Jian
Xom
Yredelemnul
Zin
The Shining One

Annotations:
D:6 2 transporters


Innate Abilities, Weirdness & Mutations

You are resistant to damage.
You can heal yourself by infusing magical energy.
You passively map the area around you.
You do not regenerate.


Message History

You kill the orc warrior!
You slice the orc!!
You kill the orc!
The orc priest calls down the wrath of Beogh upon you.
Beogh smites you!
* * * LOW HITPOINT WARNING * * *
The orc priest calls down the wrath of Beogh upon you.
Beogh smites you!
* * * LOW HITPOINT WARNING * * *
The orc barely misses you.
Items here: ! ) [ † a +0 short sword; a +0 chain mail; a potion of invisibility; an orc corpse You hit the orc.
The orc is heavily wounded.
The orc hits you.
You miss the orc.
The orc is heavily wounded.
The orc priest calls down the wrath of Beogh upon you.
Beogh smites you!
You die...

#.#
##'#'##<#'#.#.#######
#.#
#......##.###.#######
#.# #......##.#
........ #.#
#......##.#* ########
#.#
#......##.#####......
#.#
#......##.......#....
#.#
##'#'####.#####.#.###
#.# #.#.# #.# #.#.#
#.# #.#@# ### ###.#
#.# #.#o# #.#
#.#####.#o# * *#.#
#.......#o# , , ..#
#########a# *### ,,,,
,..# * * ### *< * * *
* * * , , ,


You could see a worker ant, an orc priest and 2 orcs.

Vanquished Creatures
  Harold (D:7)
  A hippogriff (D:7)
  Eustachio (D:4)
  2 orc warriors
  4 ice beasts
  2 black bears
  2 phantoms
  2 sky beasts
  2 centaurs (D:5)
  2 scorpions
  4 wights (D:6)
  A howler monkey (D:7)
  A bullfrog zombie (D:7)
  A centaur zombie (D:7)
  2 hounds (D:7)
  3 orc priests
  4 orc wizards
  An iguana (D:5)
  5 worker ants
  A big kobold zombie (Ossuary)
  A hound skeleton (D:4)
  8 mummies (Ossuary)
  4 gnolls (D:4)
  A worker ant zombie (D:5)
  8 adders
  An adder skeleton (D:7)
  2 worms (D:4)
  A dart slug (D:1)
  4 leopard geckos
  16 orcs
  5 ball pythons
  8 bats
  6 giant cockroaches
  9 goblins
  9 hobgoblins
  10 jackals
  2 quokkas
  A ball python skeleton (D:4)
  7 frilled lizards
  A goblin zombie (D:4)
  2 hobgoblin zombies (Ossuary)
  16 kobolds
  A kobold zombie (Ossuary)
  A leopard gecko skeleton (D:4)
  4 orc zombies (Ossuary)
  3 quokka zombies
  6 rats
179 creatures vanquished.

Notes
Turn   | Place    | Note
-------+----------+-------------------------------------------
     0 | D:1      | grindst0ne the Deep Dwarf Wanderer began the quest for the
                  | Orb.
     0 | D:1      | grindst0ne set off with the following items: a +0 hand axe,
                  | a +2 scale mail, a +0 hand crossbow, 25 bolts, a ration
     0 | D:1      | Reached XP level 1. HP: 19/19 MP: 1/1
   155 | D:1      | Reached skill level 1 in Axes
   210 | D:1      | Reached XP level 2. HP: 19/26 MP: 2/2
   555 | D:1      | Reached XP level 3. HP: 21/32 MP: 3/3
  1251 | D:2      | Found a shadowy altar of Dithmenos.
  1262 | D:2      | Reached skill level 2 in Axes
  1318 | D:2      | Reached XP level 4. HP: 22/39 MP: 4/4
  1955 | D:3      | Reached XP level 5. HP: 26/46 MP: 5/5
  1990 | D:3      | Reached skill level 5 in Armour
  2035 | D:3      | Found a shadowy altar of Dithmenos.
  2035 | D:3      | Found a hazy altar of Hepliaklqana.
  2117 | D:3      | Reached skill level 3 in Axes
  2804 | D:4      | Found a sand-covered staircase.
  2818 | Ossuary  | Entered an ossuary
  2875 | Ossuary  | Reached XP level 6. HP: 37/55 MP: 5/5
  3116 | D:4      | Reached skill level 4 in Axes
  3409 | D:4      | Reached XP level 7. HP: 42/62 MP: 6/6
  3689 | D:4      | Noticed Eustachio
  3727 | D:4      | Killed Eustachio
  3727 | D:4      | Reached skill level 5 in Axes
  3727 | D:4      | Reached skill level 5 in Shields
  3930 | D:5      | Entered Level 5 of the Dungeon
  4046 | D:5      | Found a staircase to the Ecumenical Temple.
  4052 | Temple   | Entered the Ecumenical Temple
  4260 | D:5      | Reached skill level 6 in Axes
  4260 | D:5      | Reached XP level 8. HP: 42/72 MP: 7/7
  4265 | D:5      | Found the amulet of the Air {Inacc +Fly rElec EV+5 RMsl}
  4736 | D:6      | Reached skill level 7 in Axes
  4922 | D:6      | Found an iron altar of Okawaru.
  4980 | D:6      | Found a transporter.
  5069 | D:6      | Found a transporter.
  5313 | D:7      | Reached skill level 5 in Fighting
  5313 | D:7      | Reached skill level 8 in Axes
  5364 | D:7      | Noticed Harold
  5378 | D:7      | Noticed a hippogriff
  5389 | D:7      | Killed Harold
  5389 | D:7      | Reached skill level 9 in Axes
  5389 | D:7      | Gained mutation: You passively map the area around you.
                  | [Deep Dwarf growth]
  5389 | D:7      | Reached XP level 9. HP: 36/82 MP: 8/8
  5625 | D:7      | Reached skill level 10 in Axes
  5902 | D:7      | HP: 1/82 [orc priest/divine providence (12)]
  5904 | D:7      | Killed from afar by an orc priest

Levels and vault maps discovered:
D:1:      shiori_shiawase, layout_basic
D:2:      layout_basic, serial_glass, glass_columns_b, glass_columns_a,
          glass_columns_b, glass_columns_a, minmay_strange_pillars,
          grunt_dithmenos_smoke
D:3:      layout_loops_cross, chequers_temple_overflow_statue_of_worship
D:4:      layout_basic, first_ration, enter_ossuary_4, uniq_eustachio
D:5:      layout_basic, minmay_temple_entry_overgrown
D:6:      gammafunk_cloud_chamber, layout_gridville, okawaru_ov_weapons_minmay
D:7:      layout_basic, uniq_harold
Temple:   regret_index_temple_sphere_string

Skill      XL: |  1  2  3  4  5  6  7  8  9 |
---------------+----------------------------+-----
Axes           | 1 2 3 4 6 9 10 | 10.1
Fighting       | 2 3 5 6 |  6.2
Shields        | 2 3 4 5 |  5.1
Armour         | 5 6 7 8 |  8.4
Crossbows      | |  2.1
Stealth        | |  1.2

Action                   |  1- 3 |  4- 6 |  7- 9 || total
-------------------------+-------+-------+-------++-------
Melee: Hand axe          |   183 |   182 |       ||   365
       War axe           |       |    24 |   361 ||   385
Throw: Stone             |    30 |    34 |       ||    64
 Abil: Heal Wounds       |       |     3 |     7 ||    10
  Use: Scroll            |       |     6 |     1 ||     7
       Potion            |       |     2 |     5 ||     7
 Stab: Invisible         |       |     1 |       ||     1
  Eat: Chunk             |     2 |     7 |     8 ||    17
Armor: Scale mail        |   100 |    73 |   170 ||   343
Dodge: Dodged            |    91 |    73 |   174 ||   338
       Deflected         |       |       |     4 ||     4
Block: Buckler           |    30 |    48 |    77 ||   155
